AoeStats
← Turco Bain

Arabia

508164461Analyzed
1v1 RM · 12d ago on Sep 21, 2026· 50m 16s· 2 players
Game mode
Random Map
Map size
Tiny (2 player)
Population
200
Speed
Normal
Resources
Standard
Victory
Conquest
Starting age
Dark Age
Ending age
Imperial Age
RankedLock teamsTeams togetherTeam positionsShared explorationLock speedFull tech treeHidden civsTurbo modeCheats
Victory
Defeat
🇨🇱 Inca · Chile
1292
+15
🇷🇸 Japanese · Serbia
1268
-15
Turco Bain
3:59 Loom
15:17 Feudal Age
15:20 Man-at-Arms
15:54 Double-Bit Axe
16:13 Arson
23:00 Castle Age
21:38 Fletching
22:11 Padded Archer Armor
24:10 Wheelbarrow
24:12 Bodkin Arrow
25:42 Gold Mining
25:53 Town Watch
33:54 Hand Cart
36:41 Ballistics
37:45 Thumb Ring
43:13 Stone Mining
44:30 Leather Archer Armor
44:23 Horse Collar
47:40 Guard Tower
49:01 Gold Shaft Mining
Royal Edg
6:32 Loom
8:57 Feudal Age
17:54 Fletching
22:59 Castle Age
23:30 Crossbowman
24:06 Bodkin Arrow
24:49 Elite Skirmisher
28:46 Ballistics
28:58 Champi Runner
33:29 Champi Warrior
34:48 Guard Tower
36:01 Double-Bit Axe
36:03 Horse Collar
39:41 Wheelbarrow
40:36 Thumb Ring
41:11 Arson
41:26 Squires
45:19 Imperial Age
44:05 Padded Archer Armor
45:11 Hand Cart
44:42 Town Watch
45:37 Elite Champi Warrior
48:46 Scale Mail Armor
48:57 Forging
48:49 Gold Mining
Connection lost

Rejoining the realm…

Still unreachable

The connection could not be restored.

Session expired

The server has moved on; the page needs a fresh start.